 Dungeon Crawl Stone Soup version 0.28-a0-1545-g945cd3f27e (webtiles) character file.

Game seed: 16262749605105726916

30 BritishOli the Chopper (level 3, -1/28 HPs)
             Began as a Demonspawn Gladiator on Jan 18, 2022.
             Slain by a gnoll (4 damage)
             ... on level 2 of the Dungeon.
             The game lasted 00:00:41 (1558 turns).

BritishOli the Chopper (Demonspawn Gladiator)       Turns: 1558, Time: 00:00:42

Health: -1/28      AC:  4    Str: 16    XL:     3   Next: 3%
Magic:  3/3        EV: 12    Int:  9    God:
Gold:   20         SH:  4    Dex: 14    Spells: 2/2 levels left

rFire   . . .      SeeInvis .   a - +0 war axe
rCold   . . .      Faith    .   (no shield)
rNeg    . . .      Spirit   .   b - +0 leather armour
rPois   .          Reflect  .   c - +0 helmet
rElec   .          Harm     .   (no cloak)
rCorr   .          Rampage  .   (no gloves)
Will    .....                   (no boots)
Stlth   +.........              (no amulet)
HPRegen 0.09/turn               (no ring)
MPRegen 0.16/turn               (no ring)

@: no status effects
A: magic regeneration, condensation shield
a: no special abilities


You were on level 2 of the Dungeon.
You visited 1 branch of the dungeon, and saw 2 of its levels.

You collected 20 gold pieces.

Inventory:

Hand Weapons
 a - a +0 war axe (weapon)
Missiles
 d - 3 throwing nets (quivered)
Armour
 b - a +0 leather armour (worn)
 c - a +0 helmet (worn)
Scrolls
 f - a scroll of identify {unknown}
Potions
 e - a potion of curing {unknown}


   Skills:
 + Level 2.3 Fighting
 + Level 2.9 Axes
 + Level 2.1 Throwing
 + Level 0.9 Armour
 + Level 2.9 Dodging


You had 2 spell levels left.
You didn't know any spells.
Your spell library was empty.

Dungeon Overview and Level Annotations

Branches:
Dungeon (2/15)

Altars:


Innate Abilities, Weirdness & Mutations

You regenerate magic rapidly.
A meltable shield of frost defends you. (SH +4)


Message History

The ball python barely misses you. The ball python misses you.
There are monsters nearby!
You closely miss the gnoll. You closely miss the ball python.
You block the ball python's attack. The ball python grabs you.
The ball python constricts you. You block the gnoll's attack.
You hit the ball python.
The ball python is severely wounded.
You hit the gnoll. The ball python barely misses you.
The ball python constricts you. The gnoll closely misses you.
The ball python bites you. The ball python constricts you.
You hit the ball python.
You kill the ball python!
You barely miss the gnoll. The gnoll hits you with a +0 flail.
The gnoll closely misses you.
You barely miss the gnoll.
The gnoll is heavily wounded.
The gnoll closely misses you.
You hit the gnoll.
The gnoll is almost dead.
The gnoll misses you. The gnoll hits you with a +0 flail!
You are too injured to fight recklessly!
You are too injured to fight recklessly!
You are too injured to fight recklessly!
You barely miss the gnoll.
The gnoll is almost dead.
The gnoll hits you with a +0 flail!
* * * LOW HITPOINT WARNING * * *
You closely miss the gnoll.
The gnoll is almost dead.
The gnoll misses you.
You barely miss the gnoll.
The gnoll is almost dead.
The gnoll closely misses you. x2
You barely miss the gnoll.
The gnoll is almost dead.
You block the gnoll's attack.
You barely miss the gnoll.
The gnoll is almost dead.
The gnoll barely misses you. The gnoll hits you with a +0 flail.
You die...

#.# #.### #.#.##
##.#..##
#..'...##
#..#....####+###
#..#.....#.....#
#..##....#..[?.#
#..###...'@g.(.+
#..####..#..!..#
#..#.###.#.....#
#..#..######+###
#..'...##
#..#....##
#..#.....##
#..##.....##
#.(###..†..#


You could see a gnoll.

Vanquished Creatures
  A worm (D:2)
  3 endoplasms (D:1)
  2 goblins (D:1)
  2 hobgoblins (D:1)
  3 jackals (D:1)
  A kobold (D:1)
  3 quokkas (D:1)
  4 ball pythons
  3 bats (D:1)
  2 frilled lizards
  A rat (D:1)
25 creatures vanquished.

Notes
Turn   | Place    | Note
-------+----------+-------------------------------------------
     0 | D:1      | BritishOli the Demonspawn Gladiator began the quest for the
                  | Orb.
     0 | D:1      | Reached XP level 1. HP: 16/16 MP: 1/1
   343 | D:1      | Gained mutation: You regenerate magic rapidly. [demonic
                  | ancestry]
   343 | D:1      | Reached XP level 2. HP: 21/22 MP: 2/2
  1197 | D:1      | Found a faded altar of an unknown god.
  1343 | D:2      | Gained mutation: A meltable shield of frost defends you.
                  | (SH +4) [demonic ancestry]
  1343 | D:2      | Reached XP level 3. HP: 10/28 MP: 3/3
  1558 | D:2      | Slain by a gnoll

Illustrated notes

Levels and vault maps discovered:
D:1:      dpeg_arrival_stonehenge_8_columns, layout_basic,
          dilly_ecumenical_altar_fadedgnrine
D:2:      minmay_kobold_bridge, layout_loops_cross, basic_altar,
          minmay_quadrilaterals

Skill      XL: |  1  2 |
---------------+-------+-----
Throwing       | 2 |  2.1
Fighting       | |  2.3
Axes           | |  2.9
Armour         | |  0.9
Dodging        | |  2.9

Action                   || total
-------------------------++-------
Melee: War axe           ||    81
Armor: Leather armour    ||    31
Dodge: Dodged            ||    59
Block: Other             ||     3

Table legend: (Time is in decaauts)
 A = Elapsed time spent in this place.
 B = Non-inter-level travel time spent in this place.
 C = Inter-level travel time spent in this place.
 D = Time resting spent in this place.
 E = Time spent auto-exploring this place.
 F = Levels seen in this place.
 G = Mean time per level.
                   A        B        C        D        E       F      G
               +--------+--------+--------+--------+--------+-----+--------+
         Total |   1586 |   1559 |     27 |      0 |   1376 |   2 |  793.0 |
       Dungeon |   1586 |   1559 |     27 |      0 |   1376 |   2 |  793.0 |
               +--------+--------+--------+--------+--------+-----+--------+

Top non-repeatable levels by time:
     D:1: 1245 daAuts
     D:2: 341 daAuts
